 Dungeon Crawl Stone Soup version 0.29.1-4-g47bece8355 (webtiles) character file.

Game seed: 9291127226984978745

65 ChadusMaximus the Caller (level 3, -5/19 HPs)
             Began as a Deep Elf Summoner on Dec 3, 2022.
             Slain by Sigmund
             ... wielding a +0 scythe
              (12 damage)
             ... on level 2 of the Dungeon.
             The game lasted 00:07:27 (3089 turns).

ChadusMaximus the Caller (Deep Elf Summoner)        Turns: 3089, Time: 00:07:27

Health: -5/19      AC:  2    Str:  5    XL:     3   Next: 94%
Magic:  3/10       EV: 13    Int: 21    God:
Gold:   50         SH:  0    Dex: 15    Spells: 4/10 levels left

rFire   . . .      SeeInvis .   h - +0 spear
rCold   . . .      Faith    .   (no shield)
rNeg    . . .      Spirit   .   a - +0 robe
rPois   .          Reflect  .   (no helmet)
rElec   .          Harm     .   (no cloak)
rCorr   .          Rampage  .   (no gloves)
Will    .....                   (no boots)
Stlth   ++........              (no amulet)
HPRegen 0.06/turn               (no ring)
MPRegen 0.12/turn               (no ring)

@: no status effects
A: no striking features
a: no special abilities


You were on level 2 of the Dungeon.
You visited 1 branch of the dungeon, and saw 2 of its levels.

You collected 50 gold pieces.

Inventory:

Hand Weapons
 h - a +0 spear (weapon)
Armour
 a - a +0 robe (worn)
Scrolls
 g - 2 scrolls of identify {unknown}
 i - 2 scrolls of immolation {unknown}
Potions
 b - 2 potions of magic
 c - a potion of heal wounds {unknown}
 d - a potion of curing {unknown}
 e - a potion of brilliance {unknown}
 f - a potion of lignification {unknown}


   Skills:
 - Level 2.8 Dodging
 - Level 2.8 Stealth
 + Level 4.0 Spellcasting
 * Level 5.3 Summonings


You had 4 spell levels left.
You knew the following spells:

 Your Spells              Type           Power      Damage    Failure   Level
a - Summon Small Mammal   Summ           100%       N/A       1%          1
b - Call Canine Familiar  Summ           26%        N/A       4%          3
c - Call Imp              Summ           26%        N/A       1%          2

Your spell library contained the following spells:

 Spells                   Type           Power      Damage    Failure   Level
 Summon Guardian Golem    Hex/Summ       15%        N/A       12%         3
 Summon Lightning Spire   Summ/Air       15%        N/A       36%         4


Dungeon Overview and Level Annotations

Branches:
Dungeon (2/15)

Altars:

Annotations:
D:2 Jessica, Sigmund


Message History

You swap places.
Sigmund hits your hound with a +0 scythe!
Your hound bites Sigmund.
Casting: Call Canine Familiar (quite dangerous; 4% risk of failure)
Confirm with . or Enter, or press ? or * to list all spells.
Your hound closely misses Sigmund.
Casting: Summon Small Mammal (safe; 1% risk of failure)
Confirm with . or Enter, or press ? or * to list all spells.
Your hound bites Sigmund.
Sigmund gestures at your hound while chanting.
The magic dart hits your hound.
Your hound closely misses Sigmund.
There is a stone staircase leading up here.
You swap places.
What are your orders? t - Shout!
Orders for allies: a - Attack new target. r - Retreat! s - Stop attacking. g - Guard the area. f - Follow me.
Anything else - Cancel.
Gang up on whom?
Press: ? - help, Dir - move target, f - Sigmund
Aim: Sigmund, wielding a +0 scythe and wearing a +0 robe (heavily wounded, not watching you, ally target) Attack!
Sigmund hits your hound with a +0 scythe!
Your hound dies!
Your hound's corpse disappears in a puff of smoke!
Casting: Summon Small Mammal (safe; 1% risk of failure)
Confirm with . or Enter, or press ? or * to list all spells.
The spell is quite dangerous to miscast (4% risk of failure)!
Continue anyway?
Sigmund shouts!
Your quokka bites Sigmund.
Sigmund mumbles some strange words.
Sigmund flickers and vanishes!
Deactivating autopickup; reactivate with Ctrl-A.
A magic dart appears from out of thin air!
The magic dart hits you.
There is a stone staircase leading up here.
Something hits you!
Ouch! That really hurt!
You die...

#.###.........# #..#
#.[.
###.#..#.######.###.##
#### #........#
#)##..## #...#.#..#
#.)....# #........#
######.# #..#..#.@#
###.#### #..#.##..#
#...h..#
#........######
#......#
####.####{h@..#
#......#### #.#
#.r...####..........
#.#
#..r....##..........
#.#
#.....#.#####.......
##(#
#.....#.##.......###
#..#
#######.##.##..#.# #
#.## #.......##..#.# #
#.# ####.##.##.##..#.#
# #.#
#.......##.##....# #


You could see a friendly hound (summoned), a friendly quokka (summoned) and a
friendly rat (summoned).

Vanquished Creatures
  A bat (D:2)
  3 jackals (D:2)
  2 ball pythons (D:2)
  A frilled lizard (D:2)
  2 rats (D:2)
9 creatures vanquished.

Vanquished Creatures (collateral kills)
  2 gnolls (D:2)
  4 endoplasms
  2 giant cockroaches
  2 goblins (D:1)
  A hobgoblin (D:1)
  6 jackals
  A quokka (D:1)
  5 ball pythons (D:1)
  3 bats (D:1)
  2 frilled lizards (D:1)
  3 kobolds
  3 rats (D:1)
34 creatures vanquished.

Grand Total: 43 creatures vanquished

Notes
Turn   | Place    | Note
-------+----------+-------------------------------------------
     0 | D:1      | ChadusMaximus the Deep Elf Summoner began the quest for the
                  | Orb.
     0 | D:1      | Reached XP level 1. HP: 10/10 MP: 6/6
   560 | D:1      | Reached XP level 2. HP: 15/15 MP: 4/8
  1379 | D:1      | Reached XP level 3. HP: 5/19 MP: 1/10
  1892 | D:2      | Reached skill level 5 in Summonings
  2369 | D:2      | Noticed Jessica
  2694 | D:1      | Learned a level 3 spell: Call Canine Familiar
  2700 | D:1      | Learned a level 2 spell: Call Imp
  2929 | D:2      | Noticed Sigmund
  3089 | D:2      | Slain by Sigmund

Illustrated notes

Levels and vault maps discovered:
D:1:      shiori_arrival_maze, layout_basic
D:2:      layout_loops_cross, kennysheep_generic_room_4, uniq_sigmund,
          uniq_jessica

Skill      XL: |  1  2  3 |
---------------+----------+-----
Summonings     | 5 |  5.3
Spellcasting   | 4 |  4.0
Dodging        | |  2.8
Stealth        | |  2.8

Action                   || total
-------------------------++-------
Melee: Unarmed           ||     1
       Spear             ||    45
 Cast: Summon Small Mamm ||    77
       Call Canine Famil ||     6
       Call Imp          ||     2
  Use: Potion            ||     1
 Stab: Sleeping          ||     3
Armor: Robe              ||    20
Dodge: Dodged            ||    68
